 Dungeon Crawl Stone Soup version 0.28-a0-925-gd5e1996cdb (webtiles) character file.

Game seed: 13837790737706053294

39 oldmanjim the Skirmisher (level 3, -3/33 HPs)
             Began as a Hill Orc Fighter on Nov 26, 2021.
             Slain by Terence (10 damage)
             ... on level 2 of the Dungeon.
             The game lasted 00:03:52 (1341 turns).

oldmanjim the Skirmisher (Hill Orc Fighter)         Turns: 1341, Time: 00:03:52

Health: -3/33      AC:  6    Str: 19    XL:     3   Next: 47%
Magic:  3/3        EV:  9    Int:  8    God:
Gold:   121        SH:  4    Dex: 10    Spells: 2/2 levels left

rFire   . . .      SeeInvis .   a - +0 war axe
rCold   . . .      Faith    .   c - +0 buckler
rNeg    . . .      Spirit   .   b - +0 scale mail
rPois   .          Reflect  .   (no helmet)
rElec   .          Harm     .   (no cloak)
rCorr   .          Rampage  .   (no gloves)
Will    .....                   (no boots)
Stlth   ..........              (no amulet)
HPRegen 0.11/turn               (no ring)
MPRegen 0.08/turn               (no ring)

@: no status effects
A: no striking features
a: no special abilities


You were on level 2 of the Dungeon.
You visited 1 branch of the dungeon, and saw 2 of its levels.

You collected 121 gold pieces.

Inventory:

Hand Weapons
 a - a +0 war axe (weapon)
Missiles
 e - 33 stones (quivered)
 g - 16 arrows
Armour
 b - a +0 scale mail (worn)
 c - a +0 buckler (worn)
Scrolls
 h - a scroll of brand weapon {unknown}
 i - 2 scrolls of identify {unknown}
Potions
 d - a potion of might
 f - a potion of berserk rage {unknown}
 j - a potion of heal wounds {unknown}


   Skills:
 + Level 3.9 Fighting
 + Level 3.8 Axes
 + Level 3.5 Armour
 * Level 3.7 Shields


You had 2 spell levels left.
You didn't know any spells.
Your spell library contained the following spells:

 Spells                   Type           Power      Damage    Failure   Level
 Ensorcelled Hibernation  Hex/Ice        0%         N/A       89%         2
 Tukima's Dance           Hex            0%         N/A       98%         3


Dungeon Overview and Level Annotations

Branches:
Dungeon (2/15)

Altars:

Annotations:
D:2 Terence


Message History

Terence barely misses you.
You hit Terence but do no damage. You block Terence's attack.
You barely miss Terence. You closely miss the hobgoblin.
Terence hits you with a +2 flail of protection!
You block the hobgoblin's attack.
You hit Terence but do no damage. You hit the hobgoblin.
Terence hits you with a +2 flail of protection.
The hobgoblin hits you.
Terence hits you with a +2 flail of protection!
You are too injured to fight recklessly!
You hit Terence but do no damage. You hit the hobgoblin.
You kill the hobgoblin!
Terence barely misses you.
You are too injured to fight recklessly!
You are too injured to fight recklessly!
You are too injured to fight recklessly!
You hit Terence.
Terence is moderately wounded.
Terence hits you but does no damage.
You closely miss Terence.
Terence is moderately wounded.
Terence closely misses you. You block Terence's attack.
You hit Terence but do no damage.
Terence is moderately wounded.
Terence closely misses you.
You barely miss Terence.
Terence is moderately wounded.
Terence misses you.
You hit Terence but do no damage.
Terence is moderately wounded.
Terence closely misses you. Terence hits you but does no damage.
You hit Terence but do no damage.
Terence is lightly wounded.
Terence hits you with a +2 flail of protection!
* * * LOW HITPOINT WARNING * * *
You hit Terence but do no damage.
Terence is lightly wounded.
Terence shouts, "Now you die!"
Terence hits you with a +2 flail of protection!
You die...

#.. .. ###.# #.# .#
#.... #.#.g .. #.#.#
#.#. #.# ####...# #..
..> #......# #.# #.#
#.##.#.# #.##.####
#.##.... #†......#
#.##.<.. #@......#
#.####..
#####@#####.###......#
#........##........###
#.###.##.##.######.#
#..##... (. ###.###
##.#.####.### #......
#.###.# # #.#.##.
##.#.## ####.#.##.
#.## #.......#.


You could see Terence.

Vanquished Creatures
  A gnoll (D:1)
  An adder (D:2)
  2 endoplasms (D:1)
  3 giant cockroaches (D:1)
  3 goblins (D:1)
  A hobgoblin (D:2)
  A kobold (D:1)
  A quokka (D:2)
  2 ball pythons (D:1)
  2 frilled lizards (D:1)
  4 rats
21 creatures vanquished.

Notes
Turn   | Place    | Note
-------+----------+-------------------------------------------
     0 | D:1      | oldmanjim the Hill Orc Fighter began the quest for the Orb.
     0 | D:1      | Reached XP level 1. HP: 19/19 MP: 1/1
   550 | D:1      | Reached XP level 2. HP: 26/27 MP: 2/2
  1013 | D:1      | Reached XP level 3. HP: 33/33 MP: 3/3
  1322 | D:2      | Noticed Terence
  1341 | D:2      | Slain by Terence

Illustrated notes

Levels and vault maps discovered:
D:1:      dpeg_arrival_morbid_curiosity, layout_basic
D:2:      layout_loops_cross, hellmonk_ecumenical_altar_zigzags,
          nicolae_figureground_sparkle, uniq_robin, uniq_sigmund, uniq_terence

Skill      XL: |  1  2 |
---------------+-------+-----
Axes           | 3 |  3.8
Fighting       | |  3.9
Armour         | |  3.5
Shields        | |  3.7

Action                   || total
-------------------------++-------
Melee: War axe           ||    54
Throw: Stone             ||     7
Armor: Scale mail        ||    17
Dodge: Dodged            ||    25
Block: Buckler           ||    11

Table legend: (Time is in decaauts)
 A = Elapsed time spent in this place.
 B = Non-inter-level travel time spent in this place.
 C = Inter-level travel time spent in this place.
 D = Time resting spent in this place.
 E = Time spent auto-exploring this place.
 F = Levels seen in this place.
 G = Mean time per level.
                   A        B        C        D        E       F      G
               +--------+--------+--------+--------+--------+-----+--------+
         Total |   1360 |   1328 |     32 |     75 |   1067 |   2 |  680.0 |
       Dungeon |   1360 |   1328 |     32 |     75 |   1067 |   2 |  680.0 |
               +--------+--------+--------+--------+--------+-----+--------+

Top non-repeatable levels by time:
     D:1: 1156 daAuts
     D:2: 204 daAuts
